 Dungeon Crawl Stone Soup version 0.23.2-33-g5129a83184 (webtiles) character file.

Game seed: 15683810856421669250

158 DorianNounverber the Chopper (level 5, -8/47 HPs)
             Began as a Minotaur Berserker on July 4, 2019.
             Was a Priest of Trog.
             Killed from afar by an electric eel (13 damage)
             ... with a bolt of electricity
             ... on level 3 of the Dungeon.
             The game lasted 00:14:05 (2613 turns).

DorianNounverber the Chopper (Minotaur Berserker)   Turns: 2613, Time: 00:14:05

Health: -8/47      AC:  5    Str: 22    XL:     5   Next: 16%
Magic:  4/4        EV: 12    Int:  4    God:    Trog [***...]
Gold:   97         SH:  0    Dex: 10    Spells: 4/4 levels left

rFire    . . .     SeeInvis .   a - +0 hand axe
rCold    . . .     Gourm    .   (no shield)
rNeg     . . .     Faith    .   m - +0 ring mail
rPois    .         Spirit   .   (helmet restricted)
rElec    .         Reflect  .   (no cloak)
rCorr    .         Harm     .   (no gloves)
MR       ++...                  (no boots)
Stlth    ..........             h - amulet of inaccuracy (curse)
HPRegen  1.15/turn              (no ring)
MPRegen  0.09/turn              (no ring)

@: regenerating
A: retaliatory headbutt, horns 2
a: Berserk, Trog's Hand, Renounce Religion


You were on level 3 of the Dungeon.
You worshipped Trog.
Trog was most pleased with you.
You were not hungry.

You visited 1 branch of the dungeon, and saw 3 of its levels.

You collected 97 gold pieces.

Inventory:

Hand Weapons
 a - a +0 hand axe (weapon)
 l - a +2 dagger of draining
Missiles
 e - 159 stones (quivered)
 f - 18 arrows
 i - 24 poisoned needles
Armour
 b - a +0 animal skin
 m - a +0 ring mail (worn)
Jewellery
 h - a cursed amulet of inaccuracy (around neck)
Wands
 o - a wand of flame (15)
 q - a wand of random effects (15)
Scrolls
 g - a scroll of teleportation
Potions
 d - a potion of heal wounds {unknown}
 j - a potion of haste {unknown}
 k - 2 potions of flight {unknown}
 n - a potion of curing {unknown}
 r - a potion of lignification {unknown}
 s - 2 potions of invisibility
 t - a potion of mutation {unknown}


   Skills:
 + Level 4.5 Fighting
 + Level 4.6 Axes
 + Level 2.6 Throwing
 + Level 3.0 Armour
 + Level 3.0 Dodging


You had 4 spell levels left.
You didn't know any spells.
Your spell library was empty.

Dungeon Overview and Level Annotations

Branches:
Dungeon (3/15)

Altars:
Gozag
Kikubaaqudgha
Trog
Xom

Annotations:
D:3 1 transporter


Innate Abilities, Weirdness & Mutations

You reflexively headbutt those who attack you in melee.
You have a pair of horns on your head.


Message History

There is an open door here.
The electric eel shoots out a bolt of lightning at you!
The bolt of electricity hits you!
The bolt of electricity hits the electric eel.
The electric eel completely resists.
The bolt of electricity hits the electric eel.
The electric eel completely resists.
The bolt of electricity hits you!
* * * LOW HITPOINT WARNING * * *
The electric eel shoots out a bolt of lightning at you!
The bolt of electricity hits you!
* * * LOW HITPOINT WARNING * * *
The bolt of electricity misses the electric eel.
The bolt of electricity hits the electric eel.
The electric eel completely resists.
Your skin crawls.
You feel resistant to hostile enchantments.
You feel somewhat more hungry.
The electric eel shoots out a bolt of lightning at you!
The bolt of electricity hits you!
You die...

#..##..........#..
#..##.............
#..##.........##..
#..##.........#...
######..##....<....#...
#.................##...
#.###############.##.._
##.#8P#;≈≈≈≈≈≈#P8#.##...
##..#..#@.≈≈≈≈P#..#......
#..©#©.'..P♣≈≈≈+$©#©..†..
#...#..#..≈≈≈≈≈#..#......
#.#.#8≈#;≈≈≈≈≈≈#P8#......
#.#.###############......
#.#.....l................
#.##.....................
#.........#######........
##............ ....######


You could see 2 electric eels and a leopard gecko.

Vanquished Creatures
  An orc wizard (D:3)
  3 adders (D:2)
  5 worms
  3 dart slugs
  5 orcs (D:3)
  4 giant cockroaches
  6 goblins
  9 hobgoblins
  7 jackals (D:1)
  4 quokkas
  7 bats
  2 frilled lizards
  6 kobolds
  13 rats
75 creatures vanquished.

Vanquished Creatures (others)
  A plant (D:3)
1 creature vanquished.

Grand Total: 76 creatures vanquished

Notes
Turn   | Place    | Note
-------+----------+-------------------------------------------
     0 | D:1      | DorianNounverber the Minotaur Berserker began the quest for
                  | the Orb.
     0 | D:1      | Reached XP level 1. HP: 19/19 MP: 0/0
   160 | D:1      | Reached XP level 2. HP: 22/27 MP: 1/1
   233 | D:1      | Reached skill level 1 in Throwing
   398 | D:1      | Reached XP level 3. HP: 20/33 MP: 2/2
   644 | D:1      | Reached ** piety under Trog
  1289 | D:2      | Reached XP level 4. HP: 34/40 MP: 3/3
  1295 | D:2      | Found a faded altar of an unknown god.
  1531 | D:2      | Found a shimmering altar of Xom.
  1841 | D:3      | Found a transporter.
  1847 | D:3      | Found an opulent altar of Gozag.
  1945 | D:3      | Reached XP level 5. HP: 45/47 MP: 4/4
  1970 | D:3      | Found an ancient bone altar of Kikubaaqudgha.
  2007 | D:3      | Reached *** piety under Trog
  2103 | D:3      | Noticed a moth of wrath
  2106 | D:3      | Found a bloodstained altar of Trog.
  2250 | D:3      | Found a transporter.
  2613 | D:3      | Killed from afar by an electric eel

Skill      XL: |  1  2  3  4  5 |
---------------+----------------+-----
Axes           | 4 |  4.6
Fighting       | 4 |  4.5
Throwing       | 1 2 |  2.6
Dodging        | 3 |  3.0
Armour         | 3 |  3.0

Action                   |  1- 3 |  4- 6 || total
-------------------------+-------+-------++-------
Melee: Hand axe          |    90 |    84 ||   174
       Headbutt          |    10 |    10 ||    20
Throw: Stone             |   107 |   105 ||   212
Invok: Berserk           |     1 |     1 ||     2
       Trog's Hand       |       |     1 ||     1
  Use: Scroll            |     2 |     2 ||     4
  Eat: Ration            |     1 |     2 ||     3
Armor: Animal skin       |    10 |       ||    10
       Ring mail         |    18 |    25 ||    43
Dodge: Dodged            |    55 |    41 ||    96
